 Dungeon Crawl Stone Soup version 0.27-a0-1140-g099f9bb0e8 (webtiles) character file.

Game seed: 8765583845189107603

63057 experimilk the Grappler (level 14, -2/128 HPs)
             Began as a Troll Monk on May 9, 2021.
             Was a High Priest of Hepliaklqana.
             Slain by an orc warrior
             ... wielding a +0 dire flail
             ... led by an orc knight
              (21 damage)
             ... on level 11 of the Dungeon.
             The game lasted 01:18:44 (18711 turns).

experimilk the Grappler (Troll Monk)               Turns: 18711, Time: 01:18:45

Health: -2/128     AC: 11    Str: 29    XL:     14   Next: 66%
Magic:  17/17      EV: 15    Int:  5    God:    Hepliaklqana [*****.]
Gold:   1173       SH:  5    Dex: 15    Spells: 12/13 levels left

rFire    . . .     SeeInvis +     - Unarmed
rCold    . . .     Faith    .   (no shield)
rNeg     + . .     Spirit   .   u - +0 acid dragon scales
rPois    +         Reflect  +   (helmet restricted)
rElec    .         Harm     .   C - +2 ratskin cloak {*Rats rPois rN+ Str-1 Int-1 Dex+1}
rCorr    +         Rampage  .   (gloves unavailable)
Will     +....                  (boots unavailable)
Stlth    +.........             g - amulet of reflection
HPRegen  1.31/turn              J - ring of see invisible
MPRegen  0.15/turn              P - +6 ring of strength

@: hasted, very quick
A: reduced essence, large, unfitting armour, claws 3, regeneration 1, shaggy fur
1, tough skin 1
a: Renounce Religion, Recall Ancestor, Ancestor Identity, Transference, Idealise


You were on level 11 of the Dungeon.
You worshipped Hepliaklqana.
Hepliaklqana was extremely pleased with you.
You visited 3 branches of the dungeon, and saw 18 of its levels.
You also visited: Sewer and Ossuary.

You collected 1173 gold pieces.

Inventory:

Missiles
 G - 2 throwing nets (quivered)
Armour
 l - a +1 robe of positive energy
 o - the +3 robe of Indecent Exposure {Int+3 SInv}
   (You found it on level 5 of the Dungeon)

   It affects your intelligence (+3).
   It lets you see invisible.
 u - +0 acid dragon scales (worn)
 z - +1 steam dragon scales
 C - the +2 ratskin cloak (worn) {*Rats rPois rN+ Str-1 Int-1 Dex+1}
   (You found it on level 6 of the Dungeon)

   It affects your strength (-1).
   It affects your intelligence (-1).
   It affects your dexterity (+1).
   It protects you from poison.
   It protects you from negative energy.
Jewellery
 g - an amulet of reflection (around neck)
 A - a +6 ring of dexterity
 D - a ring of magical power
 F - a ring of wizardry
 J - a ring of see invisible (left claw)
 P - a +6 ring of strength (right claw)
 Q - a ring of protection from fire
Wands
 j - a wand of mindburst (27)
 t - a wand of digging (3)
 w - a wand of flame (17)
 T - a wand of iceblast (13)
Scrolls
 a - 2 scrolls of fog
 d - 6 scrolls of fear
 e - 5 scrolls of teleportation
 k - a scroll of blinking
 m - 7 scrolls of amnesia
 p - 2 scrolls of enchant armour
 B - 5 scrolls of immolation
 E - a scroll of enchant weapon
 I - a scroll of acquirement {unknown}
 K - a scroll of silence {unknown}
 M - a scroll of brand weapon
 U - a scroll of magic mapping
Potions
 b - 3 potions of attraction
 c - 4 potions of haste
 f - 2 potions of brilliance
 h - 3 potions of resistance
 i - 4 potions of magic
 n - a potion of berserk rage
 q - a potion of invisibility
 r - a potion of heal wounds
 s - 6 potions of curing
 v - a potion of lignification
 x - 4 potions of flight
 H - a potion of ambrosia
 N - a potion of cancellation {unknown}
Miscellaneous
 y - a condenser vane (inert)
 L - a phantom mirror


   Skills:
 + Level 10.0 Fighting
 - Level 3.0 Armour
 + Level 12.6 Dodging
 - Level 1.0 Stealth
 * Level 13.9 Unarmed Combat
 - Level 6.0 Invocations
 + Level 7.3 Evocations


You had 12 spell levels left.
You knew the following spells:

 Your Spells              Type           Power      Damage    Failure   Level
a - Corona                Hex            0%         N/A       54%         1

Your spell library contained the following spells:

 Spells                   Type           Power      Damage    Failure   Level
 Animate Skeleton         Necr           0%         N/A       54%         1
 Apportation              Tloc           0%         N/A       54%         1
 Sandblast                Erth           0%         2d4       54%         1
 Summon Small Mammal      Summ           0%         N/A       54%         1
 Call Imp                 Summ           0%         N/A       67%         2
 Passwall                 Tmut/Erth      0%         N/A       67%         2
 Call Canine Familiar     Summ           0%         N/A       88%         3
 Stone Arrow              Conj/Erth      0%         3d7       88%         3
 Summon Guardian Golem    Hex/Summ       0%         N/A       88%         3
 Petrify                  Tmut/Erth      0%         N/A       99%         4
 Summon Ice Beast         Ice/Summ       0%         N/A       99%         4
 Summon Lightning Spire   Summ/Air       0%         N/A       99%         4
 Lee's Rapid Deconstruct  Erth           0%         3d5*      100%        5


Dungeon Overview and Level Annotations

Branches:
Dungeon (11/15)            Temple (0/1) D:7            Lair (6/6) D:11
  Swamp (0/4) Lair:2       Spider (0/4) Lair:4          Orc (1/2) D:11
  Sewer (visited)         Ossuary (visited)
  Slime: Lair:5-6

Altars:
Cheibriados
Fedhas
Hepliaklqana
Okawaru
Qazlal
Wu Jian
Xom
Zin
The Shining One
Beogh

Shops:
D:8 [

Annotations:
Lair:1 exclusion: oklob plant
Lair:4 exclusion: 2 oklob plants
Lair:5 exclusion: 3 oklob plants


Innate Abilities, Weirdness & Mutations

Your life essence is reduced to manifest your ancestor. (-10% HP)
You are too large for most types of armour.
You have claws for hands.
Your natural rate of healing is unusually fast.
You are covered in fur. (AC +1)
You have tough skin. (AC +1)


Message History

The orc warrior hits you with a +0 dire flail!
The orc wizard hits you but does no damage.
You closely miss the orc knight.
The orc knight is almost dead.
The orc knight hits you with a +0 dire flail!!
The orc warrior hits you with a +0 dire flail!!
* * * LOW HITPOINT WARNING * * *
You scratch the orc knight.
You kill the orc knight!
The orc wizard hits you but does no damage.
The orc warrior barely misses you.
Unknown command.
You feel much better. The orc wizard closely misses you.
The orc warrior hits you with a +0 dire flail!
* * * LOW HITPOINT WARNING * * *
You claw the orc wizard!
You kill the orc wizard!
You barely miss the orc warrior. The orc warrior misses you.
You scratch the orc warrior.
The orc warrior is lightly wounded.
The orc warrior hits you with a +0 dire flail!!
* * * LOW HITPOINT WARNING * * *
You scratch the orc warrior but do no damage.
You claw the orc warrior, but do no damage.
The orc warrior is lightly wounded.
The orc warrior barely misses you.
You scratch the orc warrior but do no damage.
The orc warrior is lightly wounded.
You closely miss the orc warrior. You claw the orc warrior.
The orc warrior is lightly wounded.
The orc warrior hits you with a +0 dire flail!
* * * LOW HITPOINT WARNING * * *
Okay, then.
The orc warrior no longer looks unusually strong.
Things that are here:
a +0 dire flail; a +0 chain mail
Okay, then.
You feel yourself speed up.
The orc warrior hits you with a +0 dire flail!!
You die...

......# #...............# ......#
#.........[(....#
......###########...............#
................................#
..........................[.....#
...........................###..#
..###############..........#.#..#
..#..................).....#.#..#
..#.............@o..)>.....#.#...
..#........................#.#...
..#####...........[........#.#...
......#......................#...
......#......................####
....<.#.........................#
##....#........##.........####..#
.#....#........#......#.#....#..#
.#....#........#..)...#.#....#..#


You could see an orc warrior.

Vanquished Creatures
  The ghost of oldmanjim the Apostle, a journeyman HOFi of Beogh (Lair:6)
  The ghost of IAmLegend20 the Geomancer, a journeyman GrEE of Sif Muna (Lair:6)
  Nessos (Lair:6)
  3 hydras
  A catoblepas (Lair:2)
  A two-headed ogre (D:10)
  Erica (D:9)
  Pikel (D:5)
  3 orc knights
  A manticore (D:11)
  9 elephants
  4 black mambas
  16 cane toads
  Psyche (D:11)
  Maggie (D:10)
  8 komodo dragons
  5 rime drakes
  3 tyrant leeches
  2 polar bears (Lair:4)
  2 hornets
  A dream sheep (Lair:5)
  22 blink frogs
  7 spriggans (Lair:4)
  4 wyverns
  22 yaks
  A steam dragon (D:6)
  Grum (D:10)
  7 vampire mosquitoes
  An acid dragon (D:11)
  A warg (D:11)
  20 water moccasins
  Duvessa (D:7)
  2 ice beasts
  4 black bears
  A sky beast (D:8)
  3 orc warriors
  2 necrophages
  A hornet zombie (D:6)
  16 wolves
  4 centaurs
  5 boggarts (Lair:4)
  A phantom (D:5)
  3 kobold brigands (D:7)
  13 bullfrogs
  A wyvern zombie (D:6)
  A gnoll sergeant (D:8)
  2 scorpions
  2 water moccasin zombies
  A wyvern skeleton (D:7)
  4 killer bees
  3 wights
  An electric eel (Lair:6)
  2 bullfrog skeletons (D:5)
  6 centaur zombies
  3 hounds (D:4)
  A human zombie (Ossuary)
  6 orc priests
  7 iguanas
  9 orc wizards
  A scorpion zombie (D:5)
  Ijyb (D:3)
  3 hell rats (D:6)
  A hound skeleton (D:5)
  A howler monkey skeleton (D:7)
  A howler monkey zombie (D:10)
  8 adders
  A river rat (D:6)
  A shadow imp (D:8)
  A white imp (D:5)
  An ufetubus (D:6)
  2 adder zombies (Ossuary)
  3 worms
  35 orcs
  11 endoplasms
  4 giant cockroaches
  11 goblins
  11 hobgoblins
  21 jackals
  20 kobolds
  5 quokkas
  12 ball pythons
  9 bats
  5 frilled lizards
  5 hobgoblin zombies (Ossuary)
  2 jackal zombies (Ossuary)
  7 kobold zombies (Ossuary)
  7 orc zombies (Ossuary)
  20 rats
  A rat zombie (Ossuary)
468 creatures vanquished.

Vanquished Creatures (collateral kills)
  Harold (D:7)
  A boulder beetle (D:11)
  A hydra (D:11)
  Erolcha (D:10)
  A two-headed ogre (D:9)
  3 death yaks
  A black mamba (Lair:2)
  3 elephants
  A rime drake (Lair:1)
  8 cane toads
  3 komodo dragons
  A tyrant leech (Lair:6)
  A troll (D:9)
  2 hornets (Lair:4)
  10 blink frogs
  3 dream sheep (Lair:5)
  5 spriggans (Lair:4)
  A wyvern (Lair:1)
  11 yaks
  2 vampires
  Eustachio (D:5)
  4 vampire mosquitoes
  3 steam dragons
  A basilisk (Lair:2)
  3 water moccasins
  An orc warrior (D:8)
  A sky beast (D:6)
  An ice beast (D:7)
  A black bear (D:8)
  2 boggarts (Lair:4)
  2 ogres (D:5)
  3 wolves
  11 bullfrogs
  Dowan (D:7)
  A wyvern skeleton (D:6)
  4 wights
  5 killer bees
  4 centaur zombies
  An orc priest (D:10)
  Crazy Yiuf (D:5)
  A human zombie (Ossuary)
  6 orc wizards
  An iguana (D:7)
  2 mummies (Ossuary)
  An adder (D:6)
  5 gnolls
  3 river rats (D:6)
  A white imp (D:7)
  An adder zombie (Ossuary)
  14 orcs
  6 kobolds (D:7)
  A quokka (D:4)
  3 hobgoblin zombies (Ossuary)
  A jackal zombie (Ossuary)
  2 kobold zombies (Ossuary)
  2 orc zombies (Ossuary)
  2 rats (D:6)
163 creatures vanquished.

Vanquished Creatures (others)
  4 death yaks (Lair:5)
  An orc warrior (D:10)
  11 battlemagi
  81 fungi
  184 plants
281 creatures vanquished.

Grand Total: 912 creatures vanquished

Notes
Turn   | Place    | Note
-------+----------+-------------------------------------------
     0 | D:1      | experimilk the Troll Monk began the quest for the Orb.
     0 | D:1      | Reached XP level 1. HP: 22/22 MP: 0/0
   354 | D:1      | Reached XP level 2. HP: 31/31 MP: 1/1
   725 | D:2      | Found a faded altar of an unknown god.
   878 | D:2      | Reached XP level 3. HP: 37/37 MP: 2/2
   939 | D:2      | Found a shimmering altar of Xom.
   981 | D:2      | Noticed a necrophage
  1009 | D:2      | Killed a necrophage
  1010 | D:2      | Reached skill level 4 in Unarmed Combat
  1010 | D:2      | Reached XP level 4. HP: 37/45 MP: 3/3
  1088 | D:2      | Reached XP level 5. HP: 46/53 MP: 4/4
  1399 | D:3      | Reached skill level 5 in Unarmed Combat
  1550 | D:3      | Noticed Ijyb
  1577 | D:3      | Killed Ijyb
  2261 | D:4      | Found a glowing drain.
  2283 | Sewer    | Entered a sewer
  2569 | Sewer    | Reached XP level 6. HP: 61/61 MP: 5/5
  3104 | D:4      | Reached skill level 6 in Unarmed Combat
  4078 | D:5      | Entered Level 5 of the Dungeon
  4086 | D:5      | Reached XP level 7. HP: 67/67 MP: 6/6
  4235 | D:5      | Noticed Eustachio
  4306 | D:5      | Reached skill level 5 in Dodging
  4362 | D:5      | Noticed Pikel
  4407 | D:5      | Killed Pikel
  4408 | D:5      | Reached skill level 7 in Unarmed Combat
  4408 | D:5      | Reached skill level 1 in Evocations
  4408 | D:5      | Reached XP level 8. HP: 32/75 MP: 7/7
  4447 | D:5      | Found a runed translucent door.
  4448 | D:5      | Noticed Crazy Yiuf
  4628 | D:5      | Identified the +3 robe of Indecent Exposure {Int+3 SInv}
  4646 | D:5      | Found a hazy altar of Hepliaklqana.
  4678 | D:5      | Became a worshipper of Hepliaklqana the Forgotten
  4678 | D:5      | Reached * piety under Hepliaklqana
  4678 | D:5      | Reached ** piety under Hepliaklqana
  4681 | D:5      | Remembered your ancestor Septimus as a battlemage
  4700 | D:5      | Killed Eustachio
  4701 | D:5      | Reached skill level 8 in Unarmed Combat
  5219 | D:5      | Killed Crazy Yiuf
  5322 | D:6      | Reached XP level 9. HP: 48/74 MP: 6/8
  5328 | D:6      | Reached skill level 9 in Unarmed Combat
  5415 | D:6      | Found a stormy altar of Qazlal.
  5578 | D:6      | Found a glowing golden altar of the Shining One.
  5707 | D:6      | Found the +2 ratskin cloak {*Rats rPois rN+ Str-1 Int-1
                  | Dex+1}
  5947 | D:6      | Found a sand-covered staircase.
  5951 | Ossuary  | Entered an ossuary
  6263 | D:7      | Found a staircase to the Ecumenical Temple.
  6286 | D:7      | Noticed Duvessa
  6286 | D:7      | Noticed Dowan
  6286 | D:7      | Noticed Harold
  6288 | D:7      | Killed Duvessa
  6290 | D:7      | Killed Dowan
  6348 | D:7      | Found an ornate altar of the Wu Jian Council.
  6349 | D:7      | Found a snail-covered altar of Cheibriados.
  6423 | D:7      | Reached *** piety under Hepliaklqana
  6519 | D:7      | Killed Harold
  6520 | D:7      | Reached XP level 10. HP: 55/84 MP: 9/9
  6613 | D:7      | Reached skill level 5 in Fighting
  7378 | D:8      | Found Quqes's Armour Shop.
  8410 | D:8      | Learned a level 1 spell: Corona
  8577 | D:9      | Found an iron altar of Okawaru.
  8578 | D:9      | Found a stormy altar of Qazlal.
  8937 | D:9      | Noticed a two-headed ogre
  9028 | D:9      | Noticed Erica
  9031 | D:9      | Reached **** piety under Hepliaklqana
  9036 | D:9      | Killed Erica
  9037 | D:9      | Reached skill level 10 in Unarmed Combat
  9231 | D:9      | Killed a two-headed ogre
  9232 | D:9      | Reached XP level 11. HP: 57/94 MP: 10/10
  9348 | D:10     | Entered Level 10 of the Dungeon
  9671 | D:10     | Noticed a two-headed ogre
  9678 | D:10     | Killed a two-headed ogre
  9692 | D:10     | Noticed Maggie
  9701 | D:10     | Killed Maggie
  9777 | D:10     | Found a runed translucent door.
  9801 | D:10     | Noticed Grum
  9833 | D:10     | Noticed an orc knight
  9843 | D:10     | Noticed an orc knight
  9843 | D:10     | Killed an orc knight
  9844 | D:10     | Reached skill level 11 in Unarmed Combat
  9844 | D:10     | Reached skill level 1 in Invocations
  9852 | D:10     | Killed Grum
  9858 | D:10     | Killed an orc knight
  9885 | D:10     | Identified the +4 mace of Hacking and Slashing {vorpal,
                  | Will+}
  9958 | D:10     | Noticed Erolcha
  9968 | D:10     | Killed Erolcha
 10581 | D:11     | Found a staircase to the Lair.
 10613 | D:11     | Reached skill level 5 in Evocations
 10622 | D:11     | Reached skill level 10 in Dodging
 10754 | D:11     | Noticed a boulder beetle
 10769 | D:11     | Killed a boulder beetle
 10916 | D:11     | Reached XP level 12. HP: 103/103 MP: 13/13
 10920 | D:11     | Found a staircase to the Orcish Mines.
 10935 | D:11     | Noticed Psyche
 10944 | D:11     | Reached skill level 12 in Unarmed Combat
 10946 | D:11     | Killed Psyche
 11104 | D:11     | Reached ***** piety under Hepliaklqana
 11119 | D:11     | Noticed a seven-headed hydra
 11130 | D:11     | Killed an 11-headed hydra
 11581 | Lair:1   | Entered Level 1 of the Lair of Beasts
 12344 | Lair:2   | Noticed a five-headed hydra
 12373 | Lair:2   | Noticed a catoblepas
 12386 | Lair:2   | Killed a catoblepas
 12428 | Lair:2   | Found a staircase to the Swamp.
 12540 | Lair:2   | Killed an 11-headed hydra
 12789 | Lair:2   | Found the +8 whip "Snakebite" {curare, rPois}
 13331 | Lair:3   | Reached XP level 13. HP: 113/117 MP: 14/14
 13431 | Lair:3   | Found the +10 morningstar "Eos" {elec, Halo rElec}
 13728 | Lair:4   | Found a glowing silver altar of Zin.
 13749 | Lair:4   | Found a blossoming altar of Fedhas.
 13804 | Lair:4   | Found a hole to the Spider Nest.
 14117 | Lair:4   | Reached skill level 1 in Armour
 15344 | Lair:5   | Reached skill level 5 in Invocations
 16224 | Lair:5   | Reached XP level 14. HP: 114/126 MP: 17/17
 16630 | Lair:6   | Entered Level 6 of the Lair of Beasts
 16630 | Lair:6   | Found a runed translucent gate.
 16695 | Lair:6   | Found a runed translucent gate.
 16695 | Lair:6   | Found a runed translucent gate.
 16695 | Lair:6   | Noticed IAmLegend20's ghost (journeyman GrEE)
 16696 | Lair:6   | Noticed oldmanjim's ghost (journeyman HOFi)
 16708 | Lair:6   | Reached skill level 13 in Unarmed Combat
 16883 | Lair:6   | Killed oldmanjim's ghost
 16888 | Lair:6   | Killed IAmLegend20's ghost
 18059 | Lair:6   | Noticed Nessos
 18066 | Lair:6   | Killed Nessos
 18067 | Lair:6   | Reached skill level 10 in Fighting
 18679 | Orc:1    | Entered Level 1 of the Orcish Mines
 18711 | D:11     | Slain by an orc warrior

Illustrated notes

Levels and vault maps discovered:
D:1:      onia_arrival_handbag, layout_loops_ring
D:2:      wad_woods_stonehenge, layout_rooms,
          hellmonk_ecumenical_altar_pennies_from_heaven
D:3:      layout_basic, chequers_serial_rivers_small_b, uniq_ijyb
D:4:      kennysheep_the_goblin_king, layout_cave_pods, portal_sewer_entry_b
D:5:      layout_basic, lemuel_crystal_altar, uniq_eustachio,
          uniq_crazy_yiuf_cottage, uniq_pikel
D:6:      wander_guarded_unrand_ratskin, layout_rooms, tso_oasis_becter,
          enter_ossuary_5, minmay_ruined_shrine
D:7:      layout_loops_cross, gammafunk_temple_overflow_statue,
          minmay_temple_entry_sparse_star, uniq_harold, uniq_duvessa
D:8:      layout_cave_pods, serial_shops, shop, kennysheep_decorative_pillar,
          st_stairs_2, nicolae_zen_rock_garden
D:9:      layout_roguey, gammafunk_temple_overflow_pools, uniq_erica
D:10:     layout_basic, lightli_church_of_beogh, uniq_grum, uniq_maggie,
          uniq_erolcha
D:11:     layout_irregular_city, due_lair_maze_entry_diamond, david_orc_3,
          uniq_psyche
Lair:1:   layout_big_grid, minmay_lair_oklob_chamber, grunt_megastairs_4
Lair:2:   minmay_guarded_unrand_snakebite, layout_misc_corridors,
          swamp_mist_pool
Lair:3:   layout_chaotic_city, grunt_megastairs_1
Lair:4:   kb_forest_paths, layout_regular_city, dummy_spider_entry, basic_altar,
          hangedman_tree_tricks, kilobyte_rumbling_trees
Lair:5:   layout_long_grid, minmay_slime_entry_oklob_enclosed
Lair:6:   minmay_lair_end_frog_pond, layout_misc_corridors,
          gammafunk_ghost_cemetery, serial_bayou_pond_e, uniq_nessos
Orc:1:    layout_caves, library_closet, kennysheep_orc_chapel, uniq_urug

Skill      XL: |  1  2  3  4  5  6  7  8  9 10 11 12 13 14 |
---------------+-------------------------------------------+-----
Fighting       | 3 4 6 9 10 | 10.0
Dodging        | 3 4 6 9 10 11 12 | 12.6
Unarmed Combat | 4 5 6 7 8 9 10 11 12 13 | 13.9
Evocations     | 1 2 3 4 5 6 7 |  7.3
Invocations    | 3 5 6 |  6.0
Armour         | 2 3 |  3.0
Stealth        | |  1.0

Action                   |  1- 3 |  4- 6 |  7- 9 | 10-12 | 13-15 || total
-------------------------+-------+-------+-------+-------+-------++-------
Melee: Unarmed           |    69 |   262 |   262 |   425 |   390 ||  1408
       Punch             |     2 |     5 |    15 |    34 |    45 ||   101
Invok: Recall Ancestor   |       |       |     1 |       |     1 ||     2
       Ancestor Life: Ba |       |       |     1 |       |       ||     1
       Transference      |       |       |       |     2 |     4 ||     6
       Idealise          |       |       |       |       |     1 ||     1
Evoke: Wand              |       |     1 |     7 |    39 |    31 ||    78
       Phantom mirror    |       |       |       |     2 |     2 ||     4
       Condenser vane    |       |       |       |       |     3 ||     3
  Use: Scroll            |       |     7 |     3 |    16 |     2 ||    28
       Potion            |       |       |     2 |     3 |    14 ||    19
 Stab: Sleeping          |     3 |     4 |     6 |     2 |       ||    15
       Distracted        |     1 |     1 |     1 |    11 |     5 ||    19
       Paralysed         |       |       |       |    10 |     5 ||    15
       Invisible         |       |       |       |       |     1 ||     1
Armor: Robe              |    14 |    11 |    12 |       |       ||    37
       Skin              |       |    27 |     2 |     9 |       ||    38
       Steam dragon scal |       |       |    39 |    86 |       ||   125
       Acid dragon scale |       |       |       |    37 |   115 ||   152
Dodge: Dodged            |    40 |   140 |   109 |   250 |   288 ||   827
Block: Other             |     8 |    55 |    54 |    98 |    93 ||   308
       Reflection        |     1 |       |     2 |     4 |     1 ||     8

Table legend: (Time is in decaauts)
 A = Elapsed time spent in this place.
 B = Non-inter-level travel time spent in this place.
 C = Inter-level travel time spent in this place.
 D = Time resting spent in this place.
 E = Time spent auto-exploring this place.
 F = Levels seen in this place.
 G = Mean time per level.
                   A        B        C        D        E       F      G
               +--------+--------+--------+--------+--------+-----+--------+
         Total |  18702 |  17465 |   1237 |   3337 |   6222 |  20 |  935.1 |
       Dungeon |  10615 |   9866 |    749 |   1174 |   4113 |  11 |  965.0 |
          Lair |   7000 |   6512 |    488 |   2015 |   1611 |   6 | 1166.7 |
  Orcish Mines |      6 |      6 |      0 |      0 |      0 |   1 |    6.0 |
         Sewer |    875 |    875 |      0 |    148 |    496 |   1 |  875.0 |
       Ossuary |    205 |    205 |      0 |      0 |      0 |   1 |  205.0 |
               +--------+--------+--------+--------+--------+-----+--------+

Top non-repeatable levels by time:
  Lair:5: 2507 daAuts
  Lair:4: 1403 daAuts
     D:8: 1289 daAuts
     D:4: 1287 daAuts
    D:10: 1192 daAuts
    D:11: 1056 daAuts
     D:5: 1041 daAuts
  Lair:6: 934 daAuts
     D:3: 902 daAuts
     D:9: 882 daAuts
   Sewer: 875 daAuts
     D:7: 836 daAuts
  Lair:1: 798 daAuts
     D:6: 793 daAuts
  Lair:2: 739 daAuts
